Map: New Repugnancy LE

Players

Reynor - Winner!

  • Race: Zerg Zerg
  • Spawn Location: 1:00

Creator

  • Race: Protoss Protoss
  • Spawn Location: 7:00

Event: IEM Season 13: Katowice (2019)

VOD

Have the link to the VOD?

Description

Time

  • Played on: Feb. 26, 2019, 7:26 a.m.
  • Length: 14:43

All games in this series

Show
View Real Time Build Order
Export as new Build Order

Reynor Zerg - Winner!

Build Orders: Hatch First 

Get SALT Encoding   

  12  0:00  Drone  
  13  0:13  Overlord  
  13  0:17  Drone  
  14  0:31  Drone x2  
  16  0:48  Hatchery  
  15  0:52  Drone  
  15  0:55  Drone  
  17  0:59  Drone  
  18  1:09  Extractor  
  17  1:14  Spawning Pool  
  17  1:17  Drone  
  17  1:20  Drone  
  18  1:28  Drone  
  19  1:39  Drone  
  20  2:01  Zergling x6  
  20  2:02  Queen x2  
  27  2:09  Metabolic Boost  
  27  2:13  Overlord  
  27  2:17  Drone  
  28  2:32  Drone x2  
  30  2:40  Hatchery  
  30  2:41  Drone  
  30  2:44  Drone  
  30  2:47  Drone  
  32  2:55  Queen  
  34  2:59  Overlord  
  34  3:03  Drone  
  34  3:04  Drone  
  36  3:17  Drone x6  
  42  3:24  Overlord  
  42  3:26  Drone  
  43  3:35  Drone  
  43  3:38  Overlord  
  43  3:39  Evolution Chamber  
  43  3:44  Drone  
  43  3:48  Overlord  
  44  3:51  Spore Crawler  
  44  3:52  Drone x3  
  44  3:53  Drone x3  
  49  3:57  Queen  
  49  3:59  Drone  
  51  4:07  Zergling x6  
  54  4:10  Zerg Melee Weapons Level 1  
  54  4:13  Queen  
  54  4:16  Spore Crawler  
  55  4:20  Zergling x4, Spore Crawler  
  56  4:25  Spore Crawler  
  56  4:26  Drone x2  
  56  4:29  Drone  
  56  4:30  Drone  
  58  4:33  Overlord  
  58  4:40  Lair  
  58  4:45  Overlord  
  57  4:52  Spore Crawler  
  56  4:53  Zergling x2, Drone x6  
  56  4:54  Zergling x4  
  56  4:55  Overlord  
  65  5:04  Zergling x6  
  65  5:06  Zergling x2  
  65  5:07  Zergling x6  
  68  5:10  Drone  
  70  5:16  Drone x2  
  70  5:18  Queen  
  74  5:21  Drone  
  74  5:22  Drone x2  
  74  5:23  Zergling x2  
  78  5:29  Zergling x8  
  78  5:31  Overlord  
  81  5:36  Zergling x2  
  81  5:41  Overlord x4  
  82  5:49  Queen x2  
  86  5:50  Zergling x6  
  86  5:51  Zergling x2  
  86  5:57  Nydus Network  
  89  6:00  Zergling x8  
  89  6:01  Queen  
  94  6:06  Zergling x10  
  94  6:10  Drone  
  94  6:11  Drone  
  96  6:13  Spore Crawler  
  96  6:15  Zergling x6  
  94  6:20  Zergling x6  
  94  6:24  Zergling x2  
  98  6:26  Zergling x4  
  98  6:27  Queen  
  98  6:31  Zergling x2  
  102  6:34  Zergling x4  
  102  6:36  Nydus Canal  
  102  6:38  Zergling x6  
  99  6:40  Queen  
  99  6:42  Zergling x2  
  99  6:46  Zergling x6  
  97  6:47  Zergling x2  
  97  6:48  Zerg Melee Weapons Level 2  
  97  6:54  Drone x2  
  97  6:55  Drone x2  
  97  7:00  Nydus Canal  
  103  7:01  Zergling x6  
  103  7:05  Spore Crawler  
  103  7:06  Spore Crawler  
  103  7:08  Zergling x2  
  102  7:10  Queen, Zergling x2  
  102  7:12  Drone  
  104  7:16  Zergling x6  
  104  7:18  Nydus Canal  
  104  7:19  Zergling x2  
  104  7:21  Zergling x12  
  110  7:25  Drone  
  109  7:34  Zergling x4  
  109  7:37  Zergling x2  
  109  7:42  Queen  
  102  7:46  Zergling x8  
  102  7:48  Drone x2  
  102  7:49  Drone x2  
  102  7:50  Drone x3  
  108  7:53  Drone  
  108  7:56  Extractor  
  108  7:57  Extractor  
  108  7:58  Extractor, Hydralisk Den, Zergling x4  
  103  8:02  Drone  
  105  8:05  Drone  
  105  8:06  Drone  
  107  8:13  Drone x3  
  107  8:17  Extractor, Drone x3  
  112  8:21  Drone  
  112  8:22  Drone x2  
  112  8:23  Drone x2  
  112  8:26  Drone x2  
  119  8:27  Grooved Spines  
  119  8:28  Hatchery  
  119  8:31  Extractor  
  119  8:34  Zergling x4  
  118  8:37  Overlord  
  118  8:40  Overlord  
  118  8:45  Overlord  
  118  8:51  Overlord  
  118  8:54  Overlord  
  118  9:01  Drone x3  
  119  9:04  Drone x2  
  119  9:05  Drone x2  
  119  9:08  Hydralisk x2  
  119  9:09  Hydralisk x5  
  134  9:13  Hydralisk  
  134  9:15  Drone  
  134  9:16  Drone  
  135  9:18  Spore Crawler  
  135  9:19  Spore Crawler  
  135  9:22  Hydralisk x3  
  137  9:26  Drone x3  
  137  9:28  Hydralisk  
  142  9:34  Baneling Nest  
  142  9:37  Overlord  
  142  9:38  Hydralisk x2  
  141  9:40  Drone x3  
  141  9:43  Drone x2  
  150  9:49  Hydralisk x3  
  149  9:53  Drone x2  
  149  9:57  Muscular Augments  
  149  9:59  Drone  
  154  10:00  Drone x3  
  154  10:01  Extractor  
  154  10:12  Drone x2  
  156  10:15  Hydralisk  
  156  10:16  Hydralisk x2  
  162  10:23  Centrifical Hooks  
  162  10:25  Hatchery  
  160  10:32  Zergling x10  
  160  10:33  Overlord x3, Zergling x4  
  160  10:34  Overlord  
  167  10:39  Zerg Missile Weapons Level 1  
  164  10:58  Zergling x30  
  164  11:01  Baneling x16  
  164  11:02  Baneling x8  
  179  11:10  Infestation Pit  
  178  11:12  Zergling x16  
  186  11:19  Overseer  
  186  11:24  Drone x2  
  186  11:25  Hydralisk, Drone x4  
  188  11:26  Hydralisk  
  188  11:30  Drone  
  188  11:31  Drone  
  188  11:35  Drone x5  
  193  11:40  Baneling  
  193  11:41  Baneling x11  
  193  11:45  Drone  
  194  11:48  Hive  
  194  11:51  Spore Crawler  
  193  11:57  Drone x7  
  200  12:09  Spire  
  198  12:25  Zergling x2  
  196  12:42  Baneling  
  196  12:43  Baneling x21  
  196  12:46  Extractor x2  
  183  13:02  Zergling x28  
  183  13:03  Zergling x12  
  199  13:08  Adrenal Glands  
  199  13:14  Zergling x2  
  198  13:22  Baneling x3  
  198  13:23  Baneling x15  
  198  13:30  Greater Spire  
  198  13:33  Drone  
  199  13:54  Spine Crawler x2  
  190  13:57  Hydralisk, Zergling x2  
  190  13:58  Zergling x28  
  190  13:59  Zergling x2  
  193  14:03  Hydralisk  
  193  14:04  Zergling x2  
  193  14:05  Zergling x10  
  193  14:06  Baneling  
  191  14:10  Baneling x14  
  191  14:11  Baneling  
  191  14:14  Hydralisk x2  
  191  14:15  Zergling x14  
  191  14:16  Zergling x20  
  194  14:18  Hydralisk  
  194  14:22  Zergling x4  
  187  14:25  Zergling x2  
  162  14:36  Extractor  
Show
View Real Time Build Order
Export as new Build Order

Creator Protoss 

Build Orders: 1 Gate Expand, Oracle Opening, Phoenix Opening, Mass Phoenix 

Get SALT Encoding   

  12  0:01  Probe  
  13  0:13  Probe  
  14  0:19  Pylon  
  14  0:25  Probe  
  15  0:33  Probe  
  15  0:41  Probe  
  15  0:42  Gateway  
  16  0:48  Assimilator  
  17  0:51  Probe  
  18  1:03  Probe  
  19  1:15  Probe  
  20  1:24  Nexus  
  20  1:35  Cybernetics Core  
  20  1:37  Probe  
  21  1:44  Assimilator  
  21  1:49  Probe  
  22  1:54  Pylon  
  22  2:01  Probe  
  22  2:02  Adept  
  23  2:13  Probe  
  26  2:16  Stargate  
  26  2:25  Warp Gate  
  26  2:26  Probe  
  27  2:32  Adept  
  27  2:33  Probe  
  27  2:34  Probe  
  30  2:41  Probe  
  30  2:42  Probe  
  31  2:51  Probe  
  33  2:52  Probe  
  33  2:54  Phoenix  
  35  3:03  Probe  
  35  3:04  Probe  
  39  3:15  Probe  
  39  3:16  Probe, Pylon, Oracle  
  44  3:24  Assimilator x2  
  44  3:27  Probe  
  44  3:28  Probe  
  46  3:35  Pylon  
  46  3:37  Probe  
  46  3:40  Probe  
  48  3:45  Gateway  
  48  3:46  Probe  
  48  3:52  Stargate  
  48  3:53  Probe  
  48  3:54  Probe  
  50  3:58  Phoenix  
  53  4:05  Probe  
  53  4:06  Pylon, Probe  
  55  4:13  Gateway  
  55  4:20  Probe  
  55  4:21  Probe  
  55  4:23  Phoenix  
  59  4:33  Probe x2, Pylon  
  59  4:37  Zealot  
  63  4:39  Phoenix  
  63  4:44  Phoenix  
  65  4:48  Zealot  
  65  4:49  Pylon  
  69  5:01  Pylon  
  69  5:02  Probe x2  
  69  5:03  Phoenix  
  69  5:04  Phoenix  
  70  5:10  Zealot x2  
  76  5:16  Zealot  
  76  5:19  Pylon  
  78  5:28  Phoenix  
  80  5:29  Phoenix  
  80  5:35  Nexus  
  80  5:36  Sentry  
  80  5:42  Probe x2  
  84  5:44  Sentry, Shield Battery  
  86  5:51  Robotics Facility  
  86  5:55  Probe x2  
  88  5:59  Zealot  
  90  6:06  Zealot  
  92  6:13  Stalker, Shield Battery  
  92  6:21  Shield Battery  
  92  6:22  Stalker, Shield Battery  
  92  6:23  Shield Battery  
  94  6:27  Immortal, Shield Battery  
  94  6:32  Zealot  
  94  6:37  Zealot  
  84  6:47  Stalker  
  84  6:50  Shield Battery  
  84  6:53  Sentry  
  85  6:54  Immortal  
  85  7:06  Zealot  
  91  7:12  Zealot  
  93  7:17  Zealot  
  93  7:20  Cybernetics Core  
  93  7:22  Pylon  
  93  7:29  Immortal  
  93  7:31  Pylon  
  93  7:33  Forge  
  93  7:40  Phoenix x2  
  101  7:48  Zealot  
  101  7:50  Zealot  
  103  7:54  Gateway  
  103  7:55  Gateway  
  103  7:57  Immortal  
  103  7:58  Gateway  
  103  8:01  Pylon  
  103  8:02  Pylon  
  107  8:13  Protoss Ground Weapons Level 1, Shield Battery  
  107  8:15  Sentry, Pylon  
  107  8:19  Oracle  
  112  8:23  Twilight Council  
  112  8:25  Robotics Bay  
  112  8:44  Zealot  
  112  8:46  Observer  
  114  8:51  Nexus  
  114  8:54  Pylon  
  115  9:00  Probe  
  115  9:01  Probe, Charge  
  117  9:03  Warp Prism  
  119  9:11  Templar Archives  
  119  9:13  Probe x2  
  119  9:21  Shield Battery  
  119  9:26  Gateway x2  
  119  9:31  Sentry, Pylon  
  121  9:33  Probe x2  
  123  9:38  Colossus  
  121  9:51  Extended Thermal Lance  
  126  9:55  Sentry, High Templar x2  
  126  9:56  Zealot  
  134  10:00  Archon  
  134  10:02  Protoss Ground Weapons Level 2  
  134  10:10  Assimilator  
  134  10:12  Assimilator  
  134  10:16  Zealot  
  134  10:21  Zealot x2  
  140  10:33  Probe x3  
  140  10:34  Photon Cannon  
  143  10:36  Psionic Storm, Pylon  
  143  10:51  Colossus  
  143  10:52  High Templar x3  
  149  11:10  Photon Cannon  
  149  11:11  Gateway  
  149  11:12  High Templar  
  151  11:27  Observer  
  151  11:32  High Templar x2  
  151  11:33  Zealot x2  
  151  11:38  Archon  
  155  11:54  Nexus, Colossus  
  155  11:55  Pylon  
  155  12:02  Probe x3  
  155  12:05  Gateway  
  155  12:06  Gateway  
  164  12:13  Zealot  
  164  12:14  Dark Shrine  
  164  12:15  Photon Cannon  
  166  12:19  Photon Cannon  
  166  12:20  Photon Cannon  
  166  12:22  Photon Cannon, High Templar x2  
  167  12:23  Shield Battery  
  167  12:24  Zealot  
  167  12:28  Assimilator  
  168  12:34  Assimilator  
  168  12:35  Zealot, High Templar x2  
  174  12:37  Probe x3  
  174  12:41  Archon  
  177  12:46  Immortal, Zealot x2  
  181  12:56  Zealot  
  170  13:20  Zealot x4  
  170  13:21  Immortal  
  170  13:22  Fleet Beacon  
  182  13:31  Dark Templar x2  
  186  13:37  Archon  
  186  13:42  Stargate  
  184  13:48  Dark Templar x2  
  184  13:55  Observer  
  164  14:04  Dark Templar x2  
  164  14:05  Zealot x2  
  164  14:06  Dark Templar  
  164  14:09  Archon  
  174  14:10  Zealot x2  
  127  14:27  Zealot x4  
  83  14:38  Dark Templar x2  

Tags
 
Add a new tag
Caveats
  • Supply blocks, unpowered buildings, or Contaminate may cause inaccurate times.
  • Supply counts are checked every 10 seconds.